 Dungeon Crawl Stone Soup version 0.30.0-20-g3615ddf2f0 (webtiles) character file.

Game seed: 15054531622418236866

14 qw the Shield-Bearer (level 2, -2/19 HPs)
             Began as a Gargoyle Fighter on June 1, 2023.
             Slain by an orc
             ... wielding a +0 trident
              (4 damage)
             ... on level 2 of the Dungeon.
             The game lasted 00:00:16 (855 turns).

qw the Shield-Bearer (Gargoyle Fighter)              Turns: 855, Time: 00:00:17

Health: -2/19      AC: 10    Str: 19    XL:     2   Next: 45%
Magic:  2/2        EV:  8    Int:  8    God:
Gold:   35         SH:  7    Dex:  9    Spells: 1/1 levels left

rFire   . . .        Y - +0 war axe
rCold   . . .        l - +0 kite shield
rNeg    + . .        b - +0 scale mail
rPois   inf          (no helmet)
rElec   +            f - +0 cloak
rCorr   .            (no gloves)
SInv    .            (no boots)
Will    .....        (no amulet) Stlth
                     (no ring)
HPRegen 0.23/turn    (no ring)
MPRegen 0.08/turn

%: no passive effects
@: no status effects
A: sickness immunity, AC +2, negative energy resistance 1, electricity
resistance, torment resistance 1, petrification resistance
a: no special abilities


You were on level 2 of the Dungeon.
You visited 1 branch of the dungeon, and saw 2 of its levels.

You collected 35 gold pieces.


Innate Abilities, Weirdness & Mutations

You are immune to sickness and miasma.
Your stone body is resilient. (AC +2)
You are immune to poison.
You resist negative energy. (rN+)
You are resistant to electric shocks. (rElec)
You are resistant to unholy torment.
You are immune to petrification.


   Skills:
 - Level 3.2 Fighting
 + Level 2.7 Axes
 - Level 3.2 Armour
 - Level 3.2 Shields


You had one spell level left.
You didn't know any spells.
Your spell library was empty.

Inventory:

Hand Weapons
 j - a +0 whip
 Y - a +0 war axe (weapon)
Armour
 b - a +0 scale mail (worn)
 f - a +0 cloak (worn)
 l - a +0 kite shield (worn)
Potions
 d - a potion of might
 e - a potion of degeneration {unknown}
 i - a potion of curing {unknown}
 k - a potion of flight {unknown}

Dungeon Overview and Level Annotations

Branches:
Dungeon (2/15)

Altars:


Message History

The orc wizard completely misses you. The orc closely misses you.
The orc wizard points at you and mumbles some strange words.
The puff of flame hits you but does no damage.
You closely miss the orc wizard.
The orc wizard hits you but does no damage.
The orc hits you from afar with a +0 trident.
You hit the orc wizard but do no damage.
The orc hits you from afar with a +0 trident.
The orc wizard closely misses you. The orc hits you but does no damage.
The orc wizard gestures at you while chanting.
The puff of flame misses you.
You completely miss the orc wizard. The orc barely misses you.
The orc wizard closely misses you.
You hit the orc wizard but do no damage.
The orc barely misses you.
The orc wizard hits you but does no damage.
You block the orc's attack.
The orc wizard gestures at you while chanting.
The magic dart hits you.
You hit the orc wizard.
The orc wizard is lightly wounded.
The orc hits you from afar with a +0 trident.
The orc wizard closely misses you.
You closely miss the orc wizard.
The orc wizard is lightly wounded.
The orc hits you but does no damage.
The orc wizard hits you with a +0 dagger.
The orc wizard hits you but does no damage.
The orc hits you from afar with a +0 trident.
You closely miss the orc wizard.
The orc wizard is lightly wounded.
The orc barely misses you. The orc wizard barely misses you.
You hit the orc wizard.
The orc wizard is lightly wounded.
You block the orc's attack.
The orc wizard mumbles some strange words.
The orc wizard flickers and vanishes!
Deactivating autopickup; reactivate with Ctrl-A.
The orc hits you from afar with a +0 trident.
You die...

# .# ###o#.###
#{)...... #@# #
#.# #.###.###.#
#..<......#
.[........#####
###.####### ..
.


You could see an orc.

Vanquished Creatures
  An orc (D:2)
  2 endoplasms (D:1)
  3 giant cockroaches (D:1)
  2 goblins (D:1)
  A kobold (D:1)
  2 ball pythons (D:1)
11 creatures vanquished.

Notes
Turn   | Place    | Note
-------+----------+-------------------------------------------
     0 | D:1      | qw the Gargoyle Fighter began the quest for the Orb.
     0 | D:1      | Reached XP level 1. HP: 14/14 MP: 1/1
     0 | D:1      | 0 ||| qw: Version: 0.2-a-102-gfc559e5
     0 | D:1      | 0 ||| qw: Game counter: 647
     0 | D:1      | 0 ||| qw: Always use a shield: true
     0 | D:1      | 0 ||| qw: God list: Okawaru
     0 | D:1      | 0 ||| qw: Allow faded altars: false
     0 | D:1      | 0 ||| qw: Do Orc after D:15 true
     0 | D:1      | 0 ||| qw: Do second Lair branch before Depths: true
     0 | D:1      | 0 ||| qw: Lair rune preference: random
     0 | D:1      | 0 ||| qw: Plans: Normal, Zot:1-4, Slime:5, God:TSO, Crypt,
                  | Tomb, Pan, Hells, Abyss, Win
     0 | D:1      | 0 ||| PLANNING D:1-11
    71 | D:1      | Found a faded altar of an unknown god.
   218 | D:1      | 218 ||| DROPPING +0 club.
   279 | D:1      | Reached XP level 2. HP: 19/19 MP: 2/2
   764 | D:1      | 764 ||| UPGRADING to +0 cloak.
   769 | D:1      | 769 ||| UPGRADING to +0 kite shield.
   779 | D:1      | 779 ||| DROPPING +0 buckler.
   780 | D:1      | 780 ||| DROPPING amulet of magic regeneration.
   781 | D:1      | 781 ||| READING scroll labelled ONYMETW OWETAL.
   853 | D:2      | HP: 4/19 [orc wizard/+0 dagger (4)]
   855 | D:2      | Slain by an orc

Levels and vault maps discovered:
D:1:      heliophobic_arrival_battle_scene, layout_basic, serial_aquarium,
          aquarium_bridge_island_small [aquarium_subvault_small_open,
          aquarium_subvault_balcony, aquarium_subvault_bridge,
          aquarium_subvault_wall, aquarium_subvault_bridge],
          aquarium_window_fake, aquarium_window_fake, aquarium_window_2,
          aquarium_window_2, aquarium_view_2d,
          hellmonk_ecumenical_altar_pennies_from_heaven
D:2:      layout_loops_ring, basic_altar, kennysheep_pointless_box,
          minmay_pentomino_x4

Skill      XL: |  1 |
---------------+----+-----
Axes           | 2 |  2.7
Fighting       | |  3.2
Armour         | |  3.2
Shields        | |  3.2

Action                     || total
---------------------------++-------
  Melee: War axe           ||    33
    Use: Scroll            ||     1
 Armour: Scale mail        ||    18
  Dodge: Dodged            ||    17
  Block: Buckler           ||     1
         Kite shield       ||     7

Table legend:
 A = Non-vault XP
 B = Vault XP
 C = Vault XP percentage of total XP
 D = Non-vault monster count
 E = Vault monster count
 F = Vault count percentage of total count
                 A         B        C        D         E       F
            +---------+---------+-------+---------+---------+-------
      Total |      19 |       2 |   9.5 |      10 |       1 |   9.1
            +---------+---------+-------+---------+---------+-------
        D:1 |      16 |       2 |  11.1 |       9 |       1 |  10.0
        D:2 |       3 |       0 |   0.0 |       1 |       0 |   0.0
            +---------+---------+-------+---------+---------+-------
